[ AOE2 MATCH · #470826257 ]
UnrankedKhmer vs Goths
[ REPLAY ANALYSIS · EXTRACTED FROM THE RECORDED GAME ]
Feudal
—
Castle
—
Imperial
—
| APM avg | 30.7 |
| APM peak | 57 |
| eAPM avg | 23.2 |
| Villagers / military | 203 / 313 |
Focus
⚔️ 34.1% · 🌾 65.9%
Battle Elephant ×179 · Scorpion ×45 · Battering Ram ×42 · Ballista Elephant ×21 · Scout Cavalry ×20 · Trade Cart ×17
Feudal
10:04
Castle
15:58
Imperial
38:56
| APM avg | 21.4 |
| APM peak | 39 |
| eAPM avg | 17.3 |
| Villagers / military | 193 / 299 |
Focus
⚔️ 26.6% · 🌾 73.4%
Militia ×285 · Trade Cart ×39 · Trebuchet (Packed) ×13 · Monk ×1
Feudal
9:07
Castle
14:01
Imperial
39:16
| APM avg | 38.9 |
| APM peak | 70 |
| eAPM avg | 27.6 |
| Villagers / military | 190 / 567 |
Focus
⚔️ 26.6% · 🌾 73.4%
Knight ×326 · Scout Cavalry ×231 · Trade Cart ×58 · Obuch ×4 · Trebuchet (Packed) ×4 · Monk ×2
Feudal
11:31
Castle
16:01
Imperial
58:16
| APM avg | 24.6 |
| APM peak | 53 |
| eAPM avg | 14.9 |
| Villagers / military | 96 / 166 |
Focus
⚔️ 22.6% · 🌾 77.4%
Leitis ×157 · Trade Cart ×24 · Monk ×5 · Battering Ram ×4
Feudal
—
Castle
—
Imperial
—
| APM avg | 1395.8 |
| APM peak | 12034 |
| eAPM avg | 1395.2 |
| Villagers / military | 0 / 961 |
Focus
⚔️ 64.0% · 🌾 36.0%
Spearman ×219 · Militia ×148 · Archer ×131 · Karambit Warrior ×124 · Scout Cavalry ×95 · Battle Elephant ×86
Feudal
—
Castle
—
Imperial
—
| APM avg | 878.4 |
| APM peak | 10182 |
| eAPM avg | 877.6 |
| Villagers / military | 0 / 82 |
Focus
⚔️ 78.9% · 🌾 21.1%
Skirmisher ×25 · Spearman ×23 · Knight ×23 · Cavalry Archer ×5 · Monk ×3 · Battering Ram ×2
Feudal
—
Castle
—
Imperial
—
| APM avg | 1212.3 |
| APM peak | 10778 |
| eAPM avg | 1211.7 |
| Villagers / military | 0 / 564 |
Focus
⚔️ 58.7% · 🌾 41.3%
Spearman ×212 · Knight ×192 · Scout Cavalry ×107 · Battering Ram ×24 · Monk ×11 · Mangonel ×11
Feudal
—
Castle
—
Imperial
—
| APM avg | 361.6 |
| APM peak | 5502 |
| eAPM avg | 361.4 |
| Villagers / military | 0 / 51 |
Focus
⚔️ 83.6% · 🌾 16.4%
Spearman ×38 · Skirmisher ×10 · Huskarl ×2 · Battering Ram ×1
Match map
Resources at game start + every placement click. Thick line = wall · dashed box = detected house wall. 🟡 gold · ⚪ stone · 🟢 berries · 🔶 boar · ⭕ relic
Inputs per minute
— Arawak7629 - - Myeb_1013
Build order — Arawak7629
First 150 of 703 actions detected
| 0:01 | Create | Villager (Male) |
| 0:11 | Build | Lumber Camp |
| 0:22 | Create | Villager (Male) |
| 0:31 | Create | Villager (Male) |
| 0:31 | Create | Villager (Male) |
| 1:10 | Create | Villager (Male) |
| 1:20 | Build | House |
| 1:23 | Research | Loom |
| 1:24 | Create | Villager (Male) |
| 1:24 | Create | Villager (Male) |
| 1:45 | Create | Villager (Male) |
| 1:58 | Create | Villager (Male) |
| 2:41 | Create | Villager (Male) |
| 2:45 | Create | Villager (Male) |
| 3:08 | Build | House |
| 3:09 | Build | House |
| 3:30 | Create | Villager (Male) |
| 4:03 | Build | Mill |
| 4:43 | Create | Villager (Male) |
| 4:52 | Create | Villager (Male) |
| 5:07 | Create | Villager (Male) |
| 5:33 | Build | Mining Camp |
| 5:41 | Create | Villager (Male) |
| 5:53 | Create | Villager (Male) |
| 5:54 | Create | Villager (Male) |
| 6:18 | Create | Villager (Male) |
| 6:29 | Build | House |
| 6:31 | Build | House |
| 6:36 | Create | Villager (Male) |
| 7:35 | Build | Mill |
| 8:06 | Create | Villager (Male) |
| 8:07 | Create | Villager (Male) |
| 8:12 | Build | Mining Camp |
| 8:57 | Create | Villager (Male) |
| 9:45 | Research | Feudal Age |
| 10:13 | Create | Villager (Male) |
| 10:14 | Create | Villager (Male) |
| 11:06 | Create | Villager (Male) |
| 12:13 | Build | Market |
| 12:52 | Build | Stable |
| 13:09 | Create | Villager (Male) |
| 13:10 | Create | Villager (Male) |
| 13:14 | Build | Farm |
| 13:17 | Build | Farm |
| 13:30 | Build | House |
| 13:30 | Build | House |
| 13:30 | Build | House |
| 13:31 | Build | House |
| 13:31 | Build | House |
| 14:52 | Research | Castle Age |
| 15:15 | Research | Double-Bit Axe |
| 15:59 | Build | Lumber Camp |
| 16:28 | Research | Horse Collar |
| 17:36 | Research | Bow Saw |
| 17:38 | Create | Villager (Male) |
| 18:12 | Build | Town Center |
| 18:18 | Build | Farm |
| 18:20 | Build | Farm |
| 18:21 | Create | Villager (Male) |
| 18:30 | Build | Castle |
| 18:43 | Create | Villager (Male) |
| 18:49 | Build | Lumber Camp |
| 18:57 | Create | Villager (Male) |
| 18:58 | Create | Villager (Male) |
| 19:47 | Build | Siege Workshop |
| 19:56 | Build | Mining Camp |
| 19:58 | Create | Ballista Elephant |
| 19:59 | Create | Ballista Elephant |
| 19:59 | Create | Ballista Elephant |
| 20:23 | Create | Villager (Male) |
| 20:29 | Build | Farm |
| 20:29 | Build | Farm |
| 20:31 | Build | Farm |
| 20:37 | Create | Villager (Male) |
| 20:37 | Create | Villager (Male) |
| 20:48 | Create | Battering Ram |
| 20:48 | Create | Battering Ram |
| 20:48 | Create | Battering Ram |
| 20:56 | Build | Farm |
| 21:10 | Create | Villager (Male) |
| 21:51 | Create | Villager (Male) |
| 21:51 | Create | Villager (Male) |
| 22:04 | Create | Villager (Male) |
| 22:08 | Build | Town Center |
| 22:30 | Create | Battering Ram |
| 22:30 | Create | Battering Ram |
| 22:34 | Create | Villager (Male) |
| 22:43 | Build | Castle |
| 22:58 | Build | Castle |
| 23:05 | Build | Building 490 |
| 23:07 | Build | Stone Wall |
| 23:08 | Build | Stone Wall |
| 23:21 | Build | Stone Wall |
| 23:32 | Build | Stone Wall |
| 23:58 | Create | Villager (Male) |
| 23:58 | Create | Villager (Male) |
| 23:59 | Build | University |
| 24:11 | Create | Villager (Male) |
| 24:11 | Create | Villager (Male) |
| 24:54 | Research | Murder Holes |
| 25:09 | Create | Villager (Male) |
| 25:43 | Build | Siege Workshop |
| 25:46 | Create | Villager (Male) |
| 25:49 | Create | Villager (Male) |
| 25:49 | Create | Villager (Male) |
| 25:51 | Build | Farm |
| 25:53 | Build | Farm |
| 25:54 | Build | Farm |
| 26:04 | Create | Villager (Male) |
| 26:04 | Create | Villager (Male) |
| 26:23 | Research | Ballistics |
| 26:24 | Create | Villager (Male) |
| 26:24 | Create | Villager (Male) |
| 26:27 | Build | Barracks |
| 26:31 | Build | Barracks |
| 26:36 | Build | House |
| 26:41 | Build | House |
| 26:51 | Create | Villager (Male) |
| 26:51 | Create | Villager (Male) |
| 26:54 | Create | Ballista Elephant |
| 27:03 | Create | Mangonel |
| 27:03 | Create | Mangonel |
| 27:03 | Create | Mangonel |
| 27:04 | Create | Villager (Male) |
| 27:05 | Create | Villager (Male) |
| 27:08 | Build | Farm |
| 27:15 | Create | Villager (Male) |
| 27:17 | Build | Town Center |
| 27:27 | Create | Villager (Male) |
| 27:29 | Create | Villager (Male) |
| 27:56 | Create | Mangonel |
| 27:56 | Create | Mangonel |
| 28:06 | Create | Ballista Elephant |
| 28:06 | Create | Ballista Elephant |
| 28:19 | Create | Villager (Male) |
| 28:19 | Create | Villager (Male) |
| 28:29 | Build | Mill |
| 28:30 | Build | Farm |
| 28:31 | Build | Farm |
| 28:31 | Build | Farm |
| 28:31 | Build | Farm |
| 28:31 | Build | Farm |
| 28:32 | Build | Farm |
| 28:32 | Build | Farm |
| 28:32 | Build | Farm |
| 28:32 | Build | Farm |
| 28:36 | Build | Farm |
| 28:38 | Build | Farm |
| 28:38 | Build | Farm |
| 28:44 | Create | Villager (Male) |
Build order — Myeb_1013
First 150 of 664 actions detected
| 0:04 | Build | House |
| 0:06 | Build | House |
| 0:24 | Create | Villager (Male) |
| 0:27 | Create | Villager (Male) |
| 0:39 | Create | Villager (Male) |
| 1:01 | Create | Villager (Male) |
| 1:21 | Build | Lumber Camp |
| 1:27 | Create | Villager (Male) |
| 1:57 | Create | Villager (Male) |
| 2:27 | Research | Loom |
| 2:36 | Build | Mill |
| 3:00 | Create | Villager (Male) |
| 3:01 | Create | Villager (Male) |
| 3:50 | Create | Villager (Male) |
| 4:15 | Create | Villager (Male) |
| 4:29 | Create | Villager (Male) |
| 4:51 | Create | Villager (Male) |
| 5:05 | Create | Villager (Male) |
| 5:32 | Build | House |
| 5:33 | Build | House |
| 5:44 | Create | Villager (Male) |
| 6:17 | Create | Villager (Male) |
| 6:39 | Create | Villager (Male) |
| 6:54 | Create | Villager (Male) |
| 7:12 | Create | Villager (Male) |
| 7:51 | Create | Villager (Male) |
| 7:54 | Research | Feudal Age |
| 8:20 | Create | Villager (Male) |
| 9:40 | Build | Mining Camp |
| 10:04 | Age | Feudal Age |
| 10:12 | Build | Market |
| 10:17 | Build | Blacksmith |
| 10:26 | Create | Villager (Male) |
| 10:31 | Research | Double-Bit Axe |
| 10:55 | Create | Villager (Male) |
| 11:17 | Build | Farm |
| 11:18 | Build | Farm |
| 11:24 | Create | Villager (Male) |
| 11:31 | Build | Farm |
| 11:45 | Build | House |
| 11:46 | Build | House |
| 11:55 | Create | Villager (Male) |
| 11:59 | Build | Farm |
| 12:03 | Build | Farm |
| 12:05 | Build | Farm |
| 12:11 | Build | Farm |
| 12:23 | Create | Villager (Male) |
| 13:18 | Research | Castle Age |
| 13:29 | Build | Mining Camp |
| 14:10 | Research | Stone Mining |
| 14:39 | Research | Gold Mining |
| 15:58 | Age | Castle Age |
| 16:00 | Build | Town Center |
| 16:04 | Build | Town Center |
| 16:30 | Research | Wheelbarrow |
| 17:00 | Build | House |
| 17:03 | Build | House |
| 17:06 | Build | House |
| 17:10 | Build | House |
| 17:24 | Research | Bow Saw |
| 17:30 | Create | Villager (Male) |
| 17:44 | Build | Town Center |
| 17:49 | Create | Villager (Male) |
| 18:04 | Create | Villager (Male) |
| 18:23 | Create | Villager (Male) |
| 18:39 | Research | Horse Collar |
| 19:07 | Build | Town Center |
| 19:32 | Research | Heavy Plow |
| 20:04 | Create | Villager (Male) |
| 20:07 | Build | Farm |
| 20:13 | Build | Farm |
| 20:44 | Build | Castle |
| 20:47 | Create | Villager (Male) |
| 20:51 | Build | Farm |
| 20:52 | Build | Farm |
| 20:58 | Create | Villager (Male) |
| 20:59 | Create | Villager (Male) |
| 21:03 | Build | Farm |
| 21:06 | Build | Farm |
| 21:19 | Create | Villager (Male) |
| 21:35 | Build | Farm |
| 21:43 | Create | Villager (Male) |
| 21:55 | Build | Farm |
| 21:58 | Build | Farm |
| 22:00 | Create | Villager (Male) |
| 22:18 | Create | Villager (Male) |
| 22:31 | Build | Watch Tower |
| 22:42 | Build | Watch Tower |
| 23:03 | Create | Villager (Male) |
| 23:03 | Create | Villager (Male) |
| 23:04 | Create | Villager (Male) |
| 23:04 | Create | Villager (Male) |
| 23:09 | Create | Villager (Male) |
| 23:12 | Build | Farm |
| 23:29 | Build | Farm |
| 23:32 | Create | Villager (Male) |
| 23:35 | Create | Villager (Male) |
| 23:41 | Build | Farm |
| 23:43 | Build | Farm |
| 23:45 | Build | Farm |
| 23:48 | Build | Farm |
| 24:01 | Create | Villager (Male) |
| 24:08 | Research | Fletching |
| 24:29 | Create | Villager (Male) |
| 24:36 | Create | Villager (Male) |
| 24:44 | Create | Villager (Male) |
| 24:45 | Build | Farm |
| 24:50 | Build | Farm |
| 24:52 | Create | Villager (Male) |
| 24:52 | Create | Villager (Male) |
| 25:04 | Create | Villager (Male) |
| 25:05 | Create | Villager (Male) |
| 25:14 | Build | Farm |
| 25:15 | Build | Farm |
| 25:16 | Build | Farm |
| 25:19 | Build | Farm |
| 25:22 | Build | Mill |
| 25:24 | Build | Farm |
| 25:28 | Build | Farm |
| 25:29 | Build | Farm |
| 25:30 | Create | Villager (Male) |
| 25:31 | Create | Villager (Male) |
| 25:34 | Build | Farm |
| 25:36 | Create | Villager (Male) |
| 25:52 | Build | Castle |
| 25:57 | Research | Bodkin Arrow |
| 26:00 | Create | Villager (Male) |
| 26:06 | Build | Farm |
| 26:14 | Create | Villager (Male) |
| 26:24 | Build | Monastery |
| 26:28 | Create | Villager (Male) |
| 26:29 | Create | Villager (Male) |
| 26:31 | Build | Farm |
| 26:32 | Create | Villager (Male) |
| 26:35 | Create | Villager (Male) |
| 26:36 | Create | Villager (Male) |
| 26:43 | Create | Villager (Male) |
| 26:44 | Create | Villager (Male) |
| 26:45 | Create | Villager (Male) |
| 27:00 | Create | Villager (Male) |
| 27:01 | Create | Villager (Male) |
| 27:02 | Create | Villager (Male) |
| 27:10 | Build | Farm |
| 27:12 | Create | Villager (Male) |
| 27:12 | Create | Villager (Male) |
| 27:15 | Build | Farm |
| 27:17 | Create | Villager (Male) |
| 27:21 | Create | Monk |
| 27:27 | Create | Villager (Male) |
| 27:41 | Build | Castle |
Build order — 狸狸
First 150 of 765 actions detected
| 0:07 | Create | Villager (Male) |
| 0:08 | Create | Villager (Male) |
| 0:08 | Create | Villager (Male) |
| 0:09 | Build | House |
| 0:13 | Build | House |
| 0:25 | Create | Villager (Male) |
| 0:25 | Create | Villager (Male) |
| 0:33 | Research | Loom |
| 0:55 | Build | Lumber Camp |
| 1:11 | Create | Villager (Male) |
| 1:11 | Create | Villager (Male) |
| 1:58 | Create | Villager (Male) |
| 2:00 | Create | Villager (Male) |
| 2:44 | Build | House |
| 2:50 | Create | Villager (Male) |
| 2:51 | Create | Villager (Male) |
| 3:13 | Create | Villager (Male) |
| 3:13 | Create | Villager (Male) |
| 3:56 | Create | Villager (Male) |
| 3:56 | Create | Villager (Male) |
| 3:59 | Build | Mill |
| 4:24 | Create | Villager (Male) |
| 4:24 | Create | Villager (Male) |
| 4:24 | Create | Villager (Male) |
| 4:27 | Create | Villager (Male) |
| 4:28 | Create | Villager (Male) |
| 5:16 | Create | Villager (Male) |
| 5:16 | Create | Villager (Male) |
| 5:16 | Create | Villager (Male) |
| 5:23 | Create | Villager (Male) |
| 6:02 | Create | Villager (Male) |
| 6:02 | Create | Villager (Male) |
| 6:10 | Build | Mining Camp |
| 6:18 | Create | Villager (Male) |
| 6:19 | Create | Villager (Male) |
| 6:19 | Create | Villager (Male) |
| 6:34 | Create | Villager (Male) |
| 6:51 | Create | Villager (Male) |
| 6:57 | Research | Feudal Age |
| 6:57 | Research | Feudal Age |
| 8:26 | Create | Villager (Male) |
| 8:26 | Create | Villager (Male) |
| 9:07 | Age | Feudal Age |
| 9:09 | Create | Villager (Male) |
| 9:12 | Build | Market |
| 9:21 | Research | Stone Mining |
| 9:25 | Build | Blacksmith |
| 10:24 | Research | Loom |
| 10:26 | Create | Villager (Male) |
| 10:40 | Research | Loom |
| 11:04 | Build | Farm |
| 11:05 | Build | Farm |
| 11:21 | Research | Castle Age |
| 11:45 | Build | Watch Tower |
| 11:50 | Build | Farm |
| 12:11 | Build | Farm |
| 12:22 | Build | Mining Camp |
| 12:46 | Build | Farm |
| 13:00 | Build | House |
| 13:01 | Build | House |
| 13:27 | Create | Villager (Male) |
| 13:58 | Create | Villager (Male) |
| 14:01 | Age | Castle Age |
| 14:05 | Build | Town Center |
| 14:10 | Build | Barracks |
| 14:16 | Create | Villager (Male) |
| 14:35 | Research | Double-Bit Axe |
| 14:59 | Create | Villager (Male) |
| 15:09 | Build | Farm |
| 15:16 | Build | Stable |
| 15:18 | Create | Villager (Male) |
| 15:26 | Build | Farm |
| 15:40 | Build | Farm |
| 15:41 | Create | Villager (Male) |
| 16:03 | Build | Farm |
| 16:14 | Build | Watch Tower |
| 16:16 | Create | Knight |
| 16:23 | Build | Farm |
| 16:26 | Create | Villager (Male) |
| 16:26 | Create | Villager (Male) |
| 16:31 | Build | Farm |
| 16:32 | Build | Farm |
| 16:43 | Build | Farm |
| 16:54 | Create | Villager (Male) |
| 16:56 | Build | Farm |
| 17:03 | Build | Farm |
| 17:05 | Create | Villager (Male) |
| 17:21 | Create | Villager (Male) |
| 17:24 | Build | Watch Tower |
| 17:26 | Create | Villager (Male) |
| 17:47 | Build | Farm |
| 17:59 | Build | Farm |
| 18:00 | Build | Mill |
| 18:07 | Create | Knight |
| 18:11 | Build | Farm |
| 18:11 | Build | Farm |
| 18:13 | Create | Villager (Male) |
| 18:25 | Build | Farm |
| 18:26 | Create | Villager (Male) |
| 18:26 | Create | Villager (Male) |
| 18:30 | Create | Villager (Male) |
| 18:32 | Build | Farm |
| 18:50 | Build | Farm |
| 18:54 | Create | Villager (Male) |
| 18:54 | Create | Villager (Male) |
| 18:55 | Create | Villager (Male) |
| 19:03 | Build | House |
| 19:04 | Build | House |
| 19:05 | Build | House |
| 19:20 | Create | Villager (Male) |
| 19:20 | Create | Villager (Male) |
| 19:21 | Create | Villager (Male) |
| 19:21 | Create | Villager (Male) |
| 19:29 | Create | Knight |
| 19:46 | Build | Farm |
| 19:48 | Create | Villager (Male) |
| 20:12 | Create | Villager (Male) |
| 20:12 | Create | Villager (Male) |
| 20:31 | Create | Villager (Male) |
| 20:31 | Create | Villager (Male) |
| 20:32 | Create | Villager (Male) |
| 20:40 | Build | Mining Camp |
| 20:56 | Research | Scale Barding Armor |
| 20:56 | Research | Scale Barding Armor |
| 21:05 | Create | Villager (Male) |
| 21:05 | Create | Villager (Male) |
| 21:17 | Create | Villager (Male) |
| 21:17 | Create | Villager (Male) |
| 21:41 | Create | Villager (Male) |
| 21:41 | Create | Villager (Male) |
| 21:45 | Build | Monastery |
| 21:50 | Create | Knight |
| 21:52 | Create | Villager (Male) |
| 21:52 | Create | Villager (Male) |
| 22:03 | Create | Villager (Male) |
| 22:14 | Build | House |
| 22:15 | Build | House |
| 22:39 | Build | Castle |
| 22:53 | Create | Villager (Male) |
| 22:53 | Create | Villager (Male) |
| 22:58 | Build | House |
| 23:02 | Build | House |
| 23:03 | Build | House |
| 23:04 | Create | Villager (Male) |
| 23:04 | Create | Villager (Male) |
| 23:06 | Build | Mill |
| 23:07 | Build | Farm |
| 23:07 | Build | Farm |
| 23:07 | Build | Farm |
| 23:08 | Build | Farm |
Build order — Rouppy
First 150 of 386 actions detected
| 0:03 | Create | Villager (Male) |
| 0:06 | Create | Villager (Male) |
| 0:06 | Create | Villager (Male) |
| 0:06 | Create | Villager (Male) |
| 0:07 | Research | Loom |
| 0:08 | Create | Villager (Male) |
| 0:08 | Create | Villager (Male) |
| 0:08 | Create | Villager (Male) |
| 0:36 | Build | House |
| 0:38 | Build | House |
| 1:06 | Create | Villager (Male) |
| 1:36 | Create | Villager (Male) |
| 1:49 | Create | Villager (Male) |
| 1:50 | Create | Villager (Male) |
| 2:39 | Create | Villager (Male) |
| 2:39 | Create | Villager (Male) |
| 2:39 | Create | Villager (Male) |
| 3:25 | Create | Villager (Male) |
| 3:26 | Create | Villager (Male) |
| 3:35 | Build | House |
| 3:37 | Build | House |
| 4:21 | Build | Mill |
| 5:24 | Create | Villager (Male) |
| 5:24 | Create | Villager (Male) |
| 5:25 | Create | Villager (Male) |
| 5:25 | Create | Villager (Male) |
| 5:26 | Create | Villager (Male) |
| 5:26 | Create | Villager (Male) |
| 5:26 | Create | Villager (Male) |
| 5:35 | Create | Villager (Male) |
| 6:00 | Create | Villager (Male) |
| 7:07 | Build | House |
| 7:22 | Build | Barracks |
| 8:08 | Build | Mining Camp |
| 9:03 | Build | Outpost |
| 9:21 | Research | Feudal Age |
| 9:28 | Build | Mining Camp |
| 9:31 | Create | Villager (Male) |
| 9:31 | Create | Villager (Male) |
| 9:50 | Build | Outpost |
| 10:42 | Build | Outpost |
| 11:12 | Build | Mining Camp |
| 11:26 | Build | Outpost |
| 11:31 | Age | Feudal Age |
| 11:36 | Create | Villager (Male) |
| 11:57 | Build | Blacksmith |
| 12:01 | Build | Stable |
| 12:29 | Create | Villager (Male) |
| 13:02 | Build | Farm |
| 13:14 | Build | Farm |
| 13:21 | Research | Castle Age |
| 13:26 | Build | Farm |
| 13:53 | Build | House |
| 14:41 | Create | Villager (Male) |
| 14:42 | Create | Villager (Male) |
| 14:59 | Build | Farm |
| 15:19 | Research | Horse Collar |
| 16:01 | Age | Castle Age |
| 16:17 | Build | Castle |
| 16:34 | Create | Villager (Male) |
| 16:36 | Create | Villager (Male) |
| 17:48 | Create | Leitis |
| 18:18 | Create | Leitis |
| 18:40 | Build | Town Center |
| 19:45 | Create | Leitis |
| 20:16 | Build | Castle |
| 20:36 | Create | Villager (Male) |
| 20:37 | Create | Villager (Male) |
| 20:37 | Create | Villager (Male) |
| 22:14 | Build | Monastery |
| 22:46 | Create | Monk |
| 22:46 | Create | Monk |
| 22:50 | Create | Monk |
| 22:55 | Create | Leitis |
| 22:55 | Create | Leitis |
| 23:12 | Build | Siege Workshop |
| 23:55 | Create | Battering Ram |
| 23:55 | Create | Battering Ram |
| 23:55 | Create | Battering Ram |
| 24:42 | Create | Leitis |
| 24:56 | Build | Farm |
| 24:57 | Build | Farm |
| 25:05 | Build | Farm |
| 25:06 | Build | Farm |
| 25:07 | Build | Farm |
| 25:08 | Build | Farm |
| 25:46 | Create | Battering Ram |
| 26:15 | Create | Leitis ×2 |
| 26:30 | Build | Farm |
| 26:32 | Build | Farm |
| 26:33 | Create | Villager (Male) |
| 27:12 | Create | Leitis ×2 |
| 27:30 | Create | Leitis |
| 27:30 | Create | Leitis |
| 28:16 | Build | Farm |
| 28:17 | Create | Villager (Male) |
| 28:18 | Create | Villager (Male) ×2 |
| 28:35 | Create | Leitis |
| 28:35 | Create | Leitis |
| 29:07 | Build | Farm |
| 29:16 | Build | Farm |
| 29:18 | Create | Villager (Male) |
| 29:19 | Create | Villager (Male) |
| 29:19 | Create | Villager (Male) |
| 29:25 | Create | Villager (Male) |
| 29:25 | Create | Villager (Male) |
| 29:26 | Create | Villager (Male) |
| 29:31 | Create | Villager (Male) |
| 29:51 | Create | Leitis |
| 29:55 | Build | Farm |
| 29:59 | Build | Farm |
| 30:47 | Build | Castle |
| 30:55 | Build | Castle |
| 31:00 | Create | Leitis ×5 |
| 31:20 | Create | Villager (Male) |
| 31:22 | Create | Villager (Male) |
| 31:36 | Build | Mining Camp |
| 32:08 | Create | Leitis ×2 |
| 32:32 | Create | Leitis ×2 |
| 33:04 | Create | Leitis ×2 |
| 33:04 | Create | Leitis ×2 |
| 33:41 | Create | Villager (Male) ×4 |
| 33:45 | Build | University |
| 34:17 | Build | Castle |
| 34:22 | Create | Leitis ×3 |
| 34:38 | Build | House |
| 34:57 | Build | House |
| 35:12 | Create | Leitis ×3 |
| 35:13 | Create | Leitis |
| 35:13 | Create | Leitis |
| 35:27 | Build | Farm |
| 35:28 | Build | Farm |
| 35:29 | Build | Farm |
| 35:32 | Create | Villager (Male) |
| 35:32 | Create | Villager (Male) |
| 35:57 | Create | Villager (Male) ×2 |
| 35:57 | Create | Villager (Male) ×2 |
| 36:27 | Create | Leitis ×2 |
| 36:48 | Research | Scale Barding Armor |
| 38:05 | Research | Wheelbarrow |
| 38:49 | Research | Town Watch |
| 39:15 | Build | Town Center |
| 39:43 | Build | Town Center |
| 41:56 | Create | Monk |
| 42:28 | Build | Market |
| 42:38 | Build | Town Center |
| 42:51 | Build | Mining Camp |
| 43:09 | Build | Town Center |
| 43:37 | Create | Villager (Male) |
| 43:37 | Create | Villager (Male) |
Build order —
First 150 of 1373 actions detected
| 0:26 | Build | House |
| 0:42 | Build | Lumber Camp |
| 2:32 | Build | House |
| 2:56 | Build | Mill |
| 3:48 | Build | Lumber Camp |
| 4:36 | Research | Tech None |
| 4:36 | Build | House |
| 4:46 | Build | Farm |
| 6:10 | Build | Mining Camp |
| 6:29 | Build | Farm |
| 7:07 | Build | House |
| 7:22 | Build | Farm |
| 8:07 | Build | Farm |
| 8:27 | Build | Farm |
| 8:45 | Research | Tech None |
| 8:47 | Build | House |
| 9:38 | Build | Barracks |
| 10:34 | Create | Spearman |
| 10:34 | Build | Stable |
| 10:46 | Build | Stable |
| 11:27 | Build | Blacksmith |
| 11:32 | Build | House |
| 11:53 | Research | Tech None |
| 12:11 | Research | Tech None |
| 12:14 | Research | Tech None |
| 12:30 | Build | Farm |
| 12:38 | Build | Farm |
| 12:52 | Build | Farm |
| 13:05 | Build | Farm |
| 13:08 | Build | Farm |
| 13:23 | Build | Farm |
| 13:32 | Build | Farm |
| 13:42 | Build | Farm |
| 13:54 | Research | Tech None |
| 14:07 | Create | Knight |
| 14:34 | Build | Town Center |
| 14:37 | Create | Knight |
| 14:41 | Build | House |
| 14:56 | Build | Farm |
| 15:14 | Create | Battle Elephant |
| 15:26 | Build | Farm |
| 15:52 | Research | Tech None |
| 15:52 | Build | Farm |
| 15:55 | Build | House |
| 16:44 | Build | Town Center |
| 16:51 | Build | House |
| 16:55 | Build | House |
| 17:22 | Research | Tech None |
| 17:32 | Build | Farm |
| 17:47 | Build | Farm |
| 17:58 | Build | Farm |
| 18:19 | Build | Farm |
| 18:23 | Build | Farm |
| 18:34 | Research | Tech None |
| 18:36 | Build | Farm |
| 19:00 | Build | Monastery |
| 19:24 | Build | Market |
| 19:31 | Build | Farm |
| 19:32 | Build | House |
| 19:34 | Build | House |
| 19:38 | Build | Farm |
| 19:46 | Create | Monk |
| 19:57 | Build | Farm |
| 20:02 | Build | Lumber Camp |
| 20:07 | Build | Farm |
| 20:17 | Create | Spearman |
| 20:26 | Build | Farm |
| 20:29 | Build | Farm |
| 20:34 | Create | Battle Elephant |
| 20:34 | Build | Farm |
| 20:35 | Research | Tech None |
| 20:35 | Build | House |
| 20:41 | Build | House |
| 20:53 | Build | Farm |
| 21:03 | Build | Farm |
| 21:05 | Create | Spearman |
| 21:05 | Build | House |
| 21:10 | Build | House |
| 21:18 | Build | Farm |
| 21:21 | Build | House |
| 21:45 | Build | House |
| 21:50 | Build | Farm |
| 21:55 | Build | Farm |
| 21:57 | Research | Tech None |
| 21:59 | Create | Spearman |
| 22:05 | Build | Farm |
| 22:10 | Build | Farm |
| 22:18 | Build | Farm |
| 22:21 | Build | Farm |
| 22:26 | Build | Farm |
| 22:31 | Build | Farm |
| 22:44 | Create | Spearman |
| 22:44 | Build | Farm |
| 22:45 | Build | Farm |
| 22:55 | Build | Lumber Camp |
| 23:08 | Build | Mill |
| 23:09 | Build | House |
| 23:11 | Build | House |
| 23:18 | Build | Farm |
| 23:25 | Research | Tech None |
| 23:25 | Build | Farm |
| 23:33 | Build | Farm |
| 23:37 | Research | Tech None |
| 23:42 | Build | House |
| 23:47 | Build | Stable |
| 23:58 | Build | Farm |
| 23:59 | Build | Mill |
| 24:06 | Create | Battle Elephant |
| 24:14 | Research | Tech None |
| 24:17 | Build | Farm |
| 24:20 | Research | Tech None |
| 24:38 | Build | Siege Workshop |
| 24:38 | Create | Battle Elephant |
| 24:56 | Research | Tech None |
| 25:02 | Build | Farm |
| 25:02 | Build | House |
| 25:03 | Research | Tech None |
| 25:03 | Build | Farm |
| 25:05 | Build | Farm |
| 25:05 | Build | House |
| 25:11 | Build | Farm |
| 25:18 | Create | Battle Elephant |
| 25:23 | Build | Farm |
| 25:36 | Research | Tech None |
| 26:26 | Create | Battering Ram |
| 26:36 | Create | Spearman |
| 26:36 | Build | Town Center |
| 26:40 | Research | Tech None |
| 26:42 | Create | Battle Elephant |
| 26:50 | Research | Tech None |
| 26:50 | Build | Town Center |
| 26:56 | Build | Town Center |
| 27:04 | Create | Spearman |
| 27:12 | Create | Battle Elephant |
| 27:12 | Build | Lumber Camp |
| 27:18 | Create | Battle Elephant |
| 27:20 | Build | Mining Camp |
| 27:33 | Research | Tech None |
| 27:39 | Create | Battering Ram |
| 27:55 | Create | Battle Elephant |
| 28:03 | Create | Battle Elephant |
| 28:05 | Build | Barracks |
| 28:32 | Build | University |
| 28:41 | Build | House |
| 28:43 | Build | House |
| 28:43 | Build | Market |
| 28:44 | Build | House |
| 28:53 | Build | University |
| 29:05 | Build | Castle |
| 29:09 | Build | Mining Camp |
Build order —
First 150 of 239 actions detected
| 0:25 | Build | House |
| 0:42 | Build | Lumber Camp |
| 2:32 | Build | House |
| 2:56 | Build | Mill |
| 4:36 | Research | Tech None |
| 4:36 | Build | House |
| 5:03 | Build | Lumber Camp |
| 6:11 | Research | Tech None |
| 6:54 | Build | Barracks |
| 8:26 | Research | Tech None |
| 8:26 | Create | Spearman |
| 8:26 | Build | Archery Range |
| 8:28 | Research | Tech None |
| 8:33 | Build | Farm |
| 8:35 | Build | House |
| 8:50 | Build | Farm |
| 9:03 | Create | Skirmisher |
| 9:41 | Build | House |
| 10:11 | Build | Blacksmith |
| 10:19 | Create | Skirmisher |
| 10:32 | Build | Farm |
| 10:43 | Build | House |
| 10:45 | Research | Tech None |
| 10:48 | Build | Farm |
| 11:06 | Build | Farm |
| 11:13 | Build | Farm |
| 11:24 | Build | House |
| 11:39 | Build | Farm |
| 11:39 | Create | Skirmisher |
| 12:01 | Build | Farm |
| 12:06 | Build | Farm |
| 12:27 | Build | Farm |
| 12:32 | Build | Farm |
| 12:45 | Build | Farm |
| 12:53 | Build | Farm |
| 13:01 | Research | Tech None |
| 13:11 | Build | House |
| 13:21 | Build | Farm |
| 13:28 | Build | Farm |
| 13:52 | Build | Lumber Camp |
| 14:02 | Create | Skirmisher |
| 14:07 | Build | Farm |
| 14:46 | Build | Mining Camp |
| 15:12 | Build | Archery Range |
| 15:24 | Build | House |
| 15:27 | Build | House |
| 15:44 | Create | Skirmisher |
| 16:00 | Create | Skirmisher |
| 16:03 | Build | Farm |
| 16:11 | Build | Farm |
| 16:13 | Create | Skirmisher |
| 16:16 | Research | Tech None |
| 16:20 | Research | Tech None |
| 16:48 | Create | Skirmisher |
| 16:49 | Create | Skirmisher |
| 17:12 | Research | Tech None |
| 17:17 | Build | Stable |
| 18:26 | Build | Stable |
| 18:57 | Create | Knight |
| 18:59 | Research | Tech None |
| 19:20 | Create | Knight |
| 19:24 | Research | Tech None |
| 19:46 | Create | Knight |
| 20:10 | Create | Knight |
| 20:17 | Research | Tech None |
| 20:32 | Create | Knight |
| 21:01 | Research | Tech None |
| 21:01 | Build | Town Center |
| 21:03 | Build | Farm |
| 21:03 | Build | House |
| 21:14 | Create | Knight |
| 21:31 | Create | Knight |
| 21:36 | Create | Skirmisher |
| 21:36 | Build | Town Center |
| 21:39 | Create | Skirmisher |
| 21:39 | Build | Town Center |
| 21:42 | Build | Town Center |
| 21:45 | Build | House |
| 21:53 | Build | House |
| 22:05 | Build | Farm |
| 22:08 | Create | Skirmisher |
| 22:13 | Create | Knight |
| 22:13 | Create | Skirmisher |
| 23:04 | Research | Tech None |
| 23:04 | Build | Town Center |
| 23:16 | Build | Town Center |
| 23:24 | Build | Farm |
| 23:33 | Build | Farm |
| 23:41 | Build | Farm |
| 23:50 | Build | Farm |
| 23:55 | Build | Farm |
| 23:55 | Create | Spearman |
| 24:07 | Build | Farm |
| 24:12 | Build | Farm |
| 24:20 | Build | Farm |
| 24:23 | Create | Spearman |
| 24:27 | Build | Farm |
| 24:43 | Build | Lumber Camp |
| 24:45 | Create | Knight |
| 24:45 | Create | Spearman |
| 24:59 | Build | Farm |
| 25:05 | Build | Farm |
| 25:08 | Create | Skirmisher |
| 25:23 | Create | Skirmisher |
| 25:28 | Build | Farm |
| 25:36 | Build | Farm |
| 25:39 | Create | Skirmisher |
| 25:39 | Build | House |
| 25:47 | Create | Skirmisher |
| 25:47 | Build | House |
| 25:51 | Build | House |
| 25:54 | Build | House |
| 26:05 | Create | Skirmisher |
| 26:17 | Build | Farm |
| 26:27 | Build | Farm |
| 26:33 | Create | Skirmisher |
| 26:33 | Build | House |
| 26:34 | Build | House |
| 26:36 | Build | House |
| 27:02 | Build | House |
| 27:03 | Build | House |
| 27:07 | Build | Farm |
| 27:12 | Build | Farm |
| 27:13 | Build | Farm |
| 27:18 | Research | Tech None |
| 27:21 | Build | Farm |
| 27:28 | Build | Farm |
| 27:33 | Build | Farm |
| 27:36 | Create | Skirmisher |
| 27:39 | Create | Cavalry Archer |
| 27:53 | Build | Farm |
| 28:09 | Build | Lumber Camp |
| 28:12 | Create | Knight |
| 28:29 | Build | House |
| 28:30 | Build | House |
| 29:05 | Build | House |
| 29:09 | Build | Farm |
| 29:10 | Build | House |
| 29:13 | Research | Tech None |
| 29:13 | Create | Knight |
| 29:13 | Build | Farm |
| 29:15 | Build | Farm |
| 29:38 | Build | Farm |
| 29:41 | Create | Cavalry Archer |
| 29:45 | Build | Farm |
| 29:48 | Build | Farm |
| 29:50 | Create | Knight |
| 29:50 | Build | Farm |
| 29:54 | Create | Knight |
| 30:00 | Build | House |
Build order —
First 150 of 971 actions detected
| 0:25 | Build | House |
| 0:42 | Build | Lumber Camp |
| 2:31 | Build | House |
| 2:56 | Build | Mill |
| 4:36 | Research | Tech None |
| 4:36 | Build | House |
| 5:26 | Research | Tech None |
| 5:26 | Build | Mining Camp |
| 7:52 | Build | Lumber Camp |
| 8:02 | Build | Town Center |
| 8:03 | Research | Tech None |
| 8:22 | Research | Tech None |
| 8:33 | Build | House |
| 9:33 | Build | Barracks |
| 9:45 | Build | House |
| 10:30 | Build | Farm |
| 10:40 | Create | Spearman |
| 11:24 | Build | Stable |
| 11:40 | Build | Farm |
| 11:42 | Build | Farm |
| 11:47 | Build | House |
| 11:57 | Build | Farm |
| 12:15 | Build | Farm |
| 12:47 | Build | Farm |
| 12:48 | Research | Tech None |
| 12:56 | Build | Farm |
| 13:13 | Build | Farm |
| 13:23 | Build | Farm |
| 13:28 | Build | Farm |
| 13:45 | Build | Farm |
| 13:55 | Build | Farm |
| 14:02 | Build | House |
| 14:27 | Build | Blacksmith |
| 14:32 | Build | Farm |
| 14:42 | Build | Farm |
| 15:02 | Build | Farm |
| 15:16 | Build | Lumber Camp |
| 15:19 | Build | House |
| 15:34 | Build | Farm |
| 15:47 | Build | Farm |
| 16:02 | Build | Farm |
| 16:10 | Build | House |
| 16:15 | Create | Spearman |
| 16:15 | Build | Farm |
| 16:29 | Build | Farm |
| 16:36 | Build | Farm |
| 16:39 | Build | Farm |
| 16:45 | Build | Farm |
| 16:52 | Build | Farm |
| 17:09 | Build | Farm |
| 17:15 | Build | Farm |
| 17:22 | Build | House |
| 17:37 | Build | Mill |
| 17:53 | Research | Tech None |
| 18:24 | Build | Lumber Camp |
| 18:31 | Research | Tech None |
| 18:49 | Build | House |
| 19:46 | Build | Farm |
| 20:07 | Build | Market |
| 20:09 | Build | Market |
| 20:34 | Research | Tech None |
| 20:34 | Research | Tech None |
| 20:34 | Create | Knight |
| 20:34 | Build | Town Center |
| 20:35 | Research | Tech None |
| 20:35 | Build | Farm |
| 20:37 | Research | Tech None |
| 20:37 | Build | Farm |
| 20:38 | Build | Farm |
| 20:40 | Build | Stable |
| 20:43 | Build | Farm |
| 20:48 | Build | House |
| 20:50 | Build | House |
| 21:03 | Create | Knight |
| 21:08 | Build | Farm |
| 21:13 | Research | Tech None |
| 21:19 | Build | House |
| 21:26 | Build | House |
| 21:32 | Build | Mining Camp |
| 21:50 | Build | Farm |
| 21:50 | Build | House |
| 22:00 | Create | Knight |
| 22:10 | Build | Monastery |
| 22:24 | Build | Lumber Camp |
| 22:39 | Build | Stable |
| 22:40 | Build | Farm |
| 22:45 | Build | Farm |
| 23:00 | Research | Tech None |
| 23:08 | Build | Farm |
| 23:19 | Build | Stable |
| 23:21 | Build | House |
| 23:23 | Build | House |
| 23:28 | Build | Farm |
| 23:33 | Build | Farm |
| 23:42 | Research | Tech None |
| 23:44 | Build | Farm |
| 23:51 | Build | Farm |
| 23:58 | Build | Farm |
| 24:04 | Build | Farm |
| 24:05 | Create | Spearman |
| 24:15 | Build | Farm |
| 24:20 | Build | Farm |
| 24:20 | Create | Monk |
| 24:22 | Build | Farm |
| 24:34 | Build | Farm |
| 24:37 | Build | Farm |
| 24:42 | Research | Tech None |
| 24:43 | Research | Tech None |
| 24:43 | Build | Mill |
| 24:48 | Build | Farm |
| 24:48 | Build | House |
| 24:54 | Build | House |
| 25:18 | Build | Town Center |
| 25:21 | Build | Farm |
| 25:21 | Build | House |
| 25:24 | Build | Farm |
| 25:34 | Build | Farm |
| 25:34 | Create | Spearman |
| 25:37 | Build | Farm |
| 25:58 | Build | Siege Workshop |
| 26:00 | Create | Scout Cavalry |
| 26:03 | Build | Farm |
| 26:03 | Create | Scout Cavalry |
| 26:05 | Build | Farm |
| 26:06 | Research | Tech None |
| 26:10 | Build | Farm |
| 26:15 | Create | Spearman |
| 26:20 | Build | Farm |
| 26:25 | Build | Lumber Camp |
| 26:27 | Build | Farm |
| 26:31 | Build | Farm |
| 26:32 | Build | House |
| 26:36 | Build | Farm |
| 26:48 | Create | Scout Cavalry |
| 26:49 | Create | Scout Cavalry |
| 26:49 | Build | Mining Camp |
| 26:51 | Build | Farm |
| 26:53 | Build | Farm |
| 26:54 | Create | Scout Cavalry |
| 26:54 | Build | House |
| 26:56 | Build | Farm |
| 27:05 | Build | Farm |
| 27:07 | Create | Scout Cavalry |
| 27:09 | Build | Farm |
| 27:18 | Research | Tech None |
| 27:18 | Build | Farm |
| 27:23 | Build | Mining Camp |
| 27:27 | Build | University |
| 27:33 | Build | Barracks |
| 27:43 | Create | Spearman |
Build order —
143 actions detected in the replay
| 0:27 | Build | House |
| 0:41 | Build | Lumber Camp |
| 2:31 | Build | House |
| 3:23 | Build | Barracks |
| 3:54 | Build | House |
| 4:36 | Research | Tech None |
| 5:03 | Build | Mill |
| 5:28 | Build | House |
| 5:58 | Build | Farm |
| 6:48 | Build | Mining Camp |
| 7:27 | Research | Tech None |
| 7:27 | Build | House |
| 7:58 | Build | Lumber Camp |
| 9:43 | Create | Spearman |
| 9:43 | Build | Archery Range |
| 9:45 | Research | Tech None |
| 9:48 | Research | Tech None |
| 10:08 | Build | House |
| 10:15 | Build | Farm |
| 10:26 | Build | Farm |
| 10:46 | Build | Farm |
| 10:58 | Build | Farm |
| 11:32 | Build | Blacksmith |
| 11:48 | Build | House |
| 11:57 | Build | Farm |
| 12:17 | Build | Farm |
| 12:30 | Build | Farm |
| 12:45 | Build | House |
| 12:51 | Build | Farm |
| 13:21 | Build | House |
| 13:24 | Build | Farm |
| 13:28 | Research | Tech None |
| 13:31 | Build | Farm |
| 13:50 | Build | Farm |
| 13:52 | Build | House |
| 14:05 | Build | Farm |
| 14:14 | Build | Farm |
| 14:22 | Build | House |
| 14:32 | Build | Farm |
| 14:49 | Build | House |
| 14:57 | Build | Farm |
| 15:07 | Build | Farm |
| 15:19 | Build | House |
| 15:24 | Research | Tech None |
| 15:24 | Build | Farm |
| 15:50 | Build | House |
| 17:55 | Build | House |
| 18:05 | Research | Tech None |
| 18:05 | Build | Castle |
| 18:06 | Research | Tech None |
| 18:08 | Build | Siege Workshop |
| 18:10 | Build | Siege Workshop |
| 18:11 | Build | Mining Camp |
| 19:00 | Build | Lumber Camp |
| 19:12 | Create | Spearman |
| 19:12 | Build | Mining Camp |
| 19:15 | Build | Mining Camp |
| 19:22 | Build | Mining Camp |
| 19:30 | Create | Spearman |
| 19:32 | Research | Tech None |
| 19:49 | Research | Tech None |
| 20:07 | Build | Mining Camp |
| 20:18 | Create | Spearman |
| 20:37 | Create | Spearman |
| 20:48 | Build | Mining Camp |
| 20:55 | Create | Spearman |
| 21:12 | Create | Spearman |
| 21:12 | Build | Market |
| 21:31 | Create | Spearman |
| 21:32 | Build | Lumber Camp |
| 21:37 | Build | Barracks |
| 21:45 | Build | Barracks |
| 21:49 | Create | Spearman |
| 22:08 | Create | Spearman |
| 22:18 | Build | Barracks |
| 22:26 | Create | Spearman |
| 22:30 | Build | Barracks |
| 22:32 | Build | Barracks |
| 22:44 | Create | Spearman |
| 22:47 | Build | Barracks |
| 22:55 | Build | Barracks |
| 22:59 | Create | Spearman |
| 23:02 | Create | Spearman |
| 23:08 | Create | Huskarl |
| 23:08 | Build | Archery Range |
| 23:17 | Create | Spearman |
| 23:21 | Create | Huskarl |
| 23:21 | Create | Spearman |
| 23:22 | Research | Tech None |
| 23:33 | Create | Battering Ram |
| 23:36 | Create | Spearman |
| 23:39 | Create | Spearman |
| 23:55 | Create | Spearman |
| 23:56 | Create | Spearman |
| 23:58 | Create | Spearman |
| 24:01 | Build | Mining Camp |
| 24:13 | Research | Tech None |
| 24:20 | Create | Spearman |
| 24:29 | Create | Spearman |
| 24:33 | Build | Stable |
| 24:33 | Build | Palisade Wall |
| 24:35 | Build | Stable |
| 24:43 | Create | Spearman |
| 24:48 | Build | Palisade Wall |
| 24:48 | Create | Spearman |
| 24:48 | Build | Stable |
| 24:50 | Build | Lumber Camp |
| 24:55 | Create | Spearman |
| 25:02 | Create | Spearman |
| 25:13 | Create | Spearman |
| 25:13 | Create | Skirmisher |
| 25:19 | Create | Spearman |
| 25:39 | Build | Mining Camp |
| 25:44 | Build | Stable |
| 25:47 | Create | Skirmisher |
| 25:53 | Create | Spearman |
| 26:10 | Create | Spearman |
| 26:13 | Create | Skirmisher |
| 26:58 | Build | Monastery |
| 26:58 | Build | Monastery |
| 26:58 | Create | Spearman |
| 27:00 | Create | Spearman |
| 27:00 | Create | Skirmisher |
| 27:00 | Build | Mining Camp |
| 27:02 | Create | Spearman |
| 27:02 | Create | Skirmisher |
| 27:03 | Create | Skirmisher |
| 27:21 | Create | Spearman |
| 27:23 | Create | Spearman |
| 27:43 | Create | Skirmisher |
| 27:58 | Build | Mining Camp |
| 28:25 | Create | Spearman |
| 28:25 | Create | Skirmisher |
| 28:30 | Create | Skirmisher |
| 28:51 | Build | Mining Camp |
| 29:00 | Create | Spearman |
| 29:00 | Create | Skirmisher |
| 29:54 | Build | Mining Camp |
| 30:00 | Build | Town Center |
| 30:25 | Build | Palisade Wall |
| 30:26 | Build | Palisade Wall |
| 30:52 | Build | Town Center |
| 30:56 | Build | Town Center |
Match timeline
| 3:23 | · first_building Barracks |
| 6:54 | · first_building Barracks |
| 7:22 | Rouppy · first_building Barracks |
| 8:26 | · first_building Archery Range |
| 9:07 | 狸狸 · age_up feudal |
| 9:33 | · first_building Barracks |
| 9:38 | · first_building Barracks |
| 9:43 | · first_building Archery Range |
| 10:04 | Myeb_1013 · age_up feudal |
| 10:34 | · first_building Stable |
| 11:20 | 狸狸 · first_market_sell 100 wood |
| 11:24 | · first_building Stable |
| 11:31 | Rouppy · age_up feudal |
| 12:01 | Rouppy · first_building Stable |
| 12:52 | Arawak7629 · first_building Stable |
| 14:01 | 狸狸 · age_up castle |
| 14:10 | 狸狸 · first_building Barracks |
| 15:16 | 狸狸 · first_building Stable |
| 15:58 | Myeb_1013 · age_up castle |
| 16:01 | Rouppy · age_up castle |
| 16:17 | Rouppy · first_building Castle |
| 17:17 | · first_building Stable |
| 18:05 | · first_building Castle |
| 18:08 | · first_building Siege Workshop |
| 18:30 | Arawak7629 · first_building Castle |
| 19:00 | · first_building Monastery |
| 19:47 | Arawak7629 · first_building Siege Workshop |
| 20:44 | Myeb_1013 · first_building Castle |
| 21:45 | 狸狸 · first_building Monastery |
| 22:10 | · first_building Monastery |
| 22:14 | Rouppy · first_building Monastery |
| 22:39 | 狸狸 · first_building Castle |
| 23:06 | · first_market_sell 100 wood |
| 23:07 | Arawak7629 · wall_segment Stone Wall x1 |
| 23:08 | Arawak7629 · wall_segment Stone Wall x1 |
| 23:12 | Rouppy · first_building Siege Workshop |
| 23:21 | Arawak7629 · wall_segment Stone Wall x1 |
| 23:32 | Arawak7629 · wall_segment Stone Wall x1 |
| 24:33 | · first_building Stable |
| 24:38 | · first_building Siege Workshop |
| 24:59 | · first_market_buy 100 stone |
| 25:58 | · first_building Siege Workshop |
| 26:24 | Myeb_1013 · first_building Monastery |
| 26:26 | · first_market_sell 100 wood |
| 26:27 | Arawak7629 · first_building Barracks |
| 26:34 | · first_market_buy 100 food |
| 26:49 | · first_market_sell 100 wood |
| 26:58 | · first_building Monastery |
| 29:05 | · first_building Castle |
| 30:06 | 狸狸 · first_market_buy 100 food |
| 31:08 | Arawak7629 · first_market_buy 100 wood |
| 32:21 | · first_building Archery Range |
| 33:22 | · first_building Archery Range |
| 33:34 | · first_building Monastery |
| 33:45 | Myeb_1013 · first_building Barracks |
| 33:53 | · first_building Castle |
| 34:38 | Arawak7629 · first_market_sell 100 stone |
| 34:51 | · first_building Siege Workshop |
| 38:56 | Myeb_1013 · age_up imperial |
| 39:16 | 狸狸 · age_up imperial |
| 41:11 | Myeb_1013 · first_building Siege Workshop |
| 41:15 | Myeb_1013 · first_building Stable |
| 41:17 | Myeb_1013 · first_building Archery Range |
| 43:40 | 狸狸 · tribute_sent a jugador 1 |
| 43:40 | 狸狸 · tribute_sent a jugador 3 |
| 43:40 | 狸狸 · tribute_sent a jugador 4 |
| 43:40 | 狸狸 · tribute_sent a jugador 5 |
| 43:40 | 狸狸 · tribute_sent a jugador 6 |
| 43:40 | 狸狸 · tribute_sent a jugador 7 |
| 43:40 | 狸狸 · tribute_sent a jugador 8 |
| 43:41 | · resign |
| 45:55 | 狸狸 · tribute_sent a jugador 1 |
| 45:55 | 狸狸 · tribute_sent a jugador 3 |
| 45:55 | 狸狸 · tribute_sent a jugador 4 |
| 45:55 | 狸狸 · tribute_sent a jugador 5 |
| 45:55 | 狸狸 · tribute_sent a jugador 6 |
| 45:55 | 狸狸 · tribute_sent a jugador 7 |
| 45:55 | 狸狸 · tribute_sent a jugador 8 |
| 48:41 | Myeb_1013 · tribute_sent a jugador 2 |
| 48:41 | Myeb_1013 · tribute_sent a jugador 3 |
| 48:41 | Myeb_1013 · tribute_sent a jugador 4 |
| 48:41 | Myeb_1013 · tribute_sent a jugador 5 |
| 48:41 | Myeb_1013 · tribute_sent a jugador 6 |
| 48:41 | Myeb_1013 · tribute_sent a jugador 7 |
| 48:41 | Myeb_1013 · tribute_sent a jugador 8 |
| 54:57 | Rouppy · first_market_buy 100 food |
| 57:45 | Arawak7629 · tribute_sent a jugador 1 |
| 57:45 | Arawak7629 · tribute_sent a jugador 2 |
| 57:45 | Arawak7629 · tribute_sent a jugador 4 |
| 57:45 | Arawak7629 · tribute_sent a jugador 5 |
| 57:45 | Arawak7629 · tribute_sent a jugador 6 |
| 57:45 | Arawak7629 · tribute_sent a jugador 7 |
| 57:45 | Arawak7629 · tribute_sent a jugador 8 |
| 58:03 | Myeb_1013 · tribute_sent a jugador 2 |
| 58:03 | Myeb_1013 · tribute_sent a jugador 3 |
| 58:03 | Myeb_1013 · tribute_sent a jugador 4 |
| 58:03 | Myeb_1013 · tribute_sent a jugador 5 |
| 58:03 | Myeb_1013 · tribute_sent a jugador 6 |
| 58:03 | Myeb_1013 · tribute_sent a jugador 7 |
| 58:03 | Myeb_1013 · tribute_sent a jugador 8 |
| 58:16 | Rouppy · age_up imperial |
[ AI ANALYSIS · 1 CREDIT ]
What really happened in this match?
Wolo.gg analyzes every decision: build order, eco, micro, common mistakes by bracket. Personalized analysis on WhatsApp or Discord in 30 seconds.
Civ guide
Khmer
Map guide
ZN@HyperRandom (Custom)
Perfil
Arawak7629